 Dungeon Crawl Stone Soup version 0.27-a0-931-g5a74e75d8f (webtiles) character file.

Game seed: 669412041110823200

11 Alarkh the Insei (level 2, 13/22 HPs)
             Began as a Demonspawn Gladiator on Apr 10, 2021.
             Was a Follower of Wu Jian.
             Got out of the dungeon alive.
             The game lasted 00:00:36 (369 turns).

Alarkh the Insei (Demonspawn Gladiator)              Turns: 369, Time: 00:00:37

Health: 13/22      AC:  3    Str: 14    XL:     2   Next: 13%
Magic:  2/2        EV: 12    Int:  9    God:    Wu Jian [*.....]
Gold:   31         SH:  0    Dex: 14    Spells: 1/1 levels left

rFire    . . .     SeeInvis .     - Unarmed
rCold    . . .     Faith    .   (no shield)
rNeg     . . .     Spirit   .   a - +0 leather armour
rPois    .         Reflect  .   (helmet restricted)
rElec    .         Harm     .   (no cloak)
rCorr    .         Rampage  .   (no gloves)
Will     .....                  (no boots)
Stlth    +.........             (no amulet)
HPRegen  0.07/turn              (no ring)
MPRegen  0.08/turn              (no ring)

@: no status effects
A: antennae 1
a: Renounce Religion


You escaped.
You worshipped Wu Jian.
Wu Jian was aware of your devotion.
You visited 1 branch of the dungeon, and saw 1 of its levels.

You collected 31 gold pieces.

Inventory:

Missiles
 c - 3 throwing nets (quivered)
Armour
 a - a +0 leather armour (worn)
 b - a +0 helmet
Scrolls
 d - a scroll of enchant weapon {unknown}
Potions
 e - a potion of heal wounds {unknown}


   Skills:
 + Level 2.3 Fighting
 - Level 1.7 Throwing
 - Level 2.6 Dodging
 * Level 3.1 Unarmed Combat


You had one spell level left.
You didn't know any spells.
Your spell library was empty.

Dungeon Overview and Level Annotations

Branches:
Dungeon (1/15)

Altars:
Wu Jian


Innate Abilities, Weirdness & Mutations

You have a pair of small antennae on your head.


Message History

The ball python constricts you.
You escape the ball python's grasp.
You spin and attack the ball python.
You hit the ball python but do no damage.
The ball python is severely wounded.
The ball python barely misses you. The ball python completely misses you.
You spin and attack the ball python.
You hit the ball python but do no damage.
The ball python is severely wounded.
The ball python barely misses you. The ball python misses you.
You spin and attack the ball python.
You closely miss the ball python.
The ball python is severely wounded.
The ball python barely misses you. The ball python grabs you.
The ball python constricts you.
You escape the ball python's grasp.
You spin and attack the ball python.
You hit the ball python but do no damage.
The ball python is severely wounded.
The ball python closely misses you. The ball python grabs you.
The ball python constricts you.
You escape the ball python's grasp.
You spin and attack the ball python.
You closely miss the ball python.
The ball python is severely wounded.
The ball python closely misses you. The ball python misses you.
You spin and attack the ball python.
You hit the ball python.
You kill the ball python!
The Council accepts your kill.
A ball python comes into view.
The ball python hisses angrily.
You see here a +0 robe.
You can't go up here!
You are too injured to fight recklessly!
You closely miss the ball python. The ball python misses you.
The ball python closely misses you.
You hit the ball python.
You kill the ball python!
The Council accepts your kill.
You see here a rat corpse.
There is an open door here.
There is a staircase leading out of the dungeon here.
Are you sure you want to leave the Dungeon?
This will make you lose the game!
You have escaped!

.≈_≈..######## #.#
.≈≈≈..# #.# ......#
##### #.# ##.#.##
###8.8## #.# ##÷..##
#....^.###.###
......##.#......##....#
####.....#...8..##..#.#
#.#####.....(8####.#
#.....'......@# #.#
#.#.>.#......8# #.#
####.#.###...8..## #.#
........##......# #.#
#.#####.##......#
#.#### #.# .####8.8##
#.##.. #.# .# #####
#.##.# #†# .# #.##.#
#.#####.# #(##.#


There were no monsters in sight!

Vanquished Creatures
  6 ball pythons (D:1)
  2 endoplasms (D:1)
  2 bats (D:1)
  2 rats (D:1)
12 creatures vanquished.

Notes
Turn   | Place    | Note
-------+----------+-------------------------------------------
     0 | D:1      | Alarkh the Demonspawn Gladiator began the quest for the
                  | Orb.
     0 | D:1      | Reached XP level 1. HP: 16/16 MP: 1/1
    70 | D:1      | Found a faded altar of an unknown god.
   212 | D:1      | Reached skill level 3 in Unarmed Combat
   263 | D:1      | Became a worshipper of the Wu Jian Council
   263 | D:1      | Reached * piety under Wu Jian
   306 | D:1      | Gained mutation: You have a pair of small antennae on your
                  | head. [demonic ancestry]
   306 | D:1      | Reached XP level 2. HP: 15/22 MP: 2/2
   369 | D:$      | Got out of the dungeon alive.

Illustrated notes

Levels and vault maps discovered:
D:1:      mrwooster_arrival_statue_3, layout_loops_ring,
          hellmonk_ecumenical_altar_pennies_from_heaven, minmay_pentomino_p2

Skill      XL: |  1 |
---------------+----+-----
Unarmed Combat | 3 |  3.1
Fighting       | |  2.3
Throwing       | |  1.7
Dodging        | |  2.6

Action                   || total
-------------------------++-------
Melee: Unarmed           ||    36
Invok: Whirlwind         ||    14
       Lunge             ||     2
 Stab: Sleeping          ||     2
Armor: Leather armour    ||     5
Dodge: Dodged            ||    34

Table legend: (Time is in decaauts)
 A = Elapsed time spent in this place.
 B = Non-inter-level travel time spent in this place.
 C = Inter-level travel time spent in this place.
 D = Time resting spent in this place.
 E = Time spent auto-exploring this place.
 F = Levels seen in this place.
 G = Mean time per level.
                   A        B        C        D        E       F      G
               +--------+--------+--------+--------+--------+-----+--------+
         Total |    370 |    274 |     96 |      0 |    208 |   1 |  370.0 |
       Dungeon |    370 |    274 |     96 |      0 |    208 |   1 |  370.0 |
               +--------+--------+--------+--------+--------+-----+--------+

Top non-repeatable levels by time:
     D:1: 370 daAuts
